Map: Catalyst LE

Players

Pandazam

  • Race: Zerg Zerg
  • League: Master
  • Spawn Location: 11:00

Earendil - Winner!

  • Race: Zerg Zerg
  • League: Master
  • Spawn Location: 5:00

VOD

Have the link to the VOD?

Description

Time

  • Played on: March 2, 2018, 2:39 p.m.
  • Length: 6:38
Show
View Real Time Build Order
Export as new Build Order

Pandazam Zerg 

Build Orders: Hatch First 

Get SALT Encoding   

  12  0:00  Drone  
  13  0:12  Overlord  
  13  0:17  Drone  
  14  0:31  Drone x2  
  14  0:35  Drone  
  17  0:57  Drone, Hatchery  
  17  1:00  Drone  
  17  1:04  Extractor  
  17  1:15  Spawning Pool  
  17  1:18  Drone  
  17  1:21  Drone  
  18  1:29  Drone  
  19  1:40  Overlord  
  19  2:01  Queen  
  19  2:02  Zergling x4  
  19  2:05  Metabolic Boost  
  23  2:10  Zergling x2, Queen  
  23  2:13  Drone  
  27  2:21  Drone  
  27  2:22  Drone  
  29  2:31  Drone  
  30  2:44  Hatchery  
  30  2:45  Drone  
  30  2:53  Drone x2  
  30  2:55  Drone  
  32  2:59  Drone  
  32  3:06  Drone x2  
  32  3:10  Evolution Chamber  
  33  3:17  Drone x2  
  33  3:19  Overlord  
  35  3:24  Overlord  
  35  3:32  Zergling x2  
  35  3:36  Zerg Melee Weapons Level 1  
  35  3:40  Zergling x8  
  38  3:43  Zergling x2  
  39  3:51  Drone  
  40  3:56  Zergling x8, Baneling Nest  
  40  4:02  Overlord  
  43  4:04  Zergling x4  
  43  4:05  Zergling x2  
  46  4:12  Zergling x4  
  46  4:13  Zergling x2  
  51  4:26  Zergling x8  
  55  4:32  Zergling x6  
  53  4:47  Zergling x14  
  53  4:49  Baneling x6  
  58  4:55  Zergling x2  
  54  5:05  Zergling x10  
  46  5:19  Zergling x4  
  48  5:21  Queen  
  48  5:23  Drone  
  48  5:27  Lair  
  48  5:28  Drone  
  52  5:29  Drone  
  52  5:32  Drone x2  
  52  5:33  Drone x2  
  57  5:41  Drone x3  
  44  5:55  Zergling x4  
  43  6:00  Zergling x2  
  43  6:01  Zergling x6  
  43  6:02  Queen  
  47  6:05  Extractor  
  47  6:10  Zergling x2  
  46  6:16  Zergling x2  
Show
View Real Time Build Order
Export as new Build Order

Earendil Zerg - Winner!

Build Orders: Hatch First 

Get SALT Encoding   

  12  0:01  Drone  
  13  0:13  Overlord  
  13  0:17  Drone  
  14  0:31  Drone x2  
  14  0:34  Drone  
  17  0:53  Hatchery  
  17  0:56  Drone  
  17  0:58  Drone  
  17  1:01  Extractor  
  17  1:07  Drone  
  18  1:17  Spawning Pool  
  17  1:21  Drone  
  18  1:28  Drone  
  19  1:39  Drone  
  20  1:53  Overlord  
  20  2:04  Metabolic Boost, Queen  
  20  2:05  Queen  
  20  2:07  Zergling x2  
  26  2:08  Zergling x2  
  26  2:13  Evolution Chamber  
  25  2:15  Drone  
  25  2:19  Drone  
  27  2:35  Drone x3  
  30  2:37  Drone  
  31  2:46  Zerg Melee Weapons Level 1  
  31  2:47  Drone  
  32  2:53  Drone  
  32  3:17  Hatchery  
  30  3:20  Overlord, Drone x2  
  30  3:22  Overlord, Drone  
  30  3:23  Drone  
  34  3:28  Zergling x2, Baneling Nest  
  34  3:32  Zergling x4  
  35  3:42  Drone  
  35  3:43  Zergling x6  
  35  3:44  Zergling x2  
  40  3:51  Zergling x6  
  40  3:54  Zergling x4  
  45  3:56  Zergling x2  
  45  4:00  Zergling x4  
  48  4:05  Overlord  
  48  4:16  Baneling x3  
  48  4:23  Zergling x4  
  50  4:26  Drone x3  
  50  4:27  Drone x4  
  55  4:47  Zergling x10  
  59  4:55  Queen  
  59  4:56  Drone x2  
  59  4:57  Zergling x4  
  63  5:05  Zergling x8  
  57  5:07  Overlord  
  57  5:12  Zergling x6  
  57  5:13  Zergling x2  
  58  5:19  Extractor  
  58  5:20  Baneling x4  
  57  5:21  Baneling x2  
  57  5:23  Zergling x6  
  60  5:30  Zergling x8  
  60  5:31  Zergling x2  
  60  5:32  Zergling x2  
  66  5:41  Zergling x6  
  60  5:57  Zergling x2  
  60  5:58  Zergling x2  
  62  6:06  Drone x2  
  62  6:11  Overlord x2  
  66  6:12  Drone x7  
  72  6:25  Drone  
  72  6:26  Drone  
Tags
 
Add a new tag
Caveats
  • Supply blocks, unpowered buildings, or Contaminate may cause inaccurate times.
  • Supply counts are checked every 10 seconds.